 Dungeon Crawl Stone Soup version 0.30.1-4-g462c640d31 (webtiles) character file.

Game seed: 16614914886012244236

4 croobank the Sneak (level 1, -3/16 HPs)
             Began as an Octopode Delver on Aug 21, 2023.
             Slain by a howler monkey (6 damage)
             ... on level 5 of the Dungeon.
             The game lasted 00:01:28 (273 turns).

croobank the Sneak (Octopode Delver)                 Turns: 273, Time: 00:01:28

Health: -3/16      AC:  1    Str: 11    XL:     1   Next: 60%
Magic:  1/1        EV: 13    Int: 12    God:
Gold:   0          SH:  0    Dex: 19    Spells: 0/0 levels left

rFire   . . .        a - +0 short sword
rCold   . . .        (no shield)
rNeg    . . .        (helmet restricted)
rPois   .            (no amulet)
rElec   .            d - +6 ring of dexterity
rCorr   .            (no ring)
SInv    .            (no ring)
Will    .....        (no ring)
Stlth   +++++        (no ring)
HPRegen 0.22/turn    (no ring)
MPRegen 0.07/turn    (no ring)
                     (no ring)

%: no passive effects
@: hasted, very quick
A: almost no armour, amphibious, 8 rings, camouflage 1, gelatinous body 1,
(nimble swimmer 1), tentacles
a: no special abilities


You were on level 5 of the Dungeon.
You visited 1 branch of the dungeon, and saw 3 of its levels.

Inventory:

Hand Weapons
 a - a +0 short sword (weapon)
 j - a +0 rapier
Jewellery
 d - a +6 ring of dexterity (left tentacle)
Wands
 f - a wand of digging (3)
Scrolls
 b - a scroll of fog
 g - 2 scrolls of identify {unknown}
 h - a scroll of teleportation {unknown}
Potions
 c - a potion of curing {unknown}
 i - a potion of flight {unknown}


   Skills:
 + Level 3.0 Fighting
 + Level 2.1 Short Blades
 + Level 2.1 Dodging
 + Level 6.6 Stealth


You couldn't memorise any spells.
You didn't know any spells.
Your spell library was empty.

Dungeon Overview and Level Annotations

Branches:
Dungeon (7/15)
 Temple: D:4-7

Altars:

Annotations:
D:6 Sigmund


Innate Abilities, Weirdness & Mutations

You cannot wear most types of armour.
You are amphibious.
You can wear up to eight rings at the same time.
Your skin changes colour to match your surroundings (Stealth+).
Your rubbery body absorbs attacks. (AC +1, EV +1)
((You are camouflaged when in or above water. (Stealth+)))
You have tentacles for arms and can constrict up to eight enemies at once.


Message History

The orc is severely wounded.
You constrict the orc, but do no damage.
The orc hits you with a +0 hand axe.
You hit the orc but do no damage.
The orc is severely wounded.
You constrict the orc. The orc hits you with a +0 hand axe.
You are too injured to fight recklessly!
You are too injured to fight recklessly!
You hit the orc but do no damage. You squeeze the orc, but do no damage.
The orc is almost dead.
You constrict the orc.
You kill the orc!
Things that are here:
a +0 hand axe; a +0 leather armour You start resting.
HP restored.
(D) Dungeon
Where to? (Enter - D:6, ? - help)
A howler monkey comes into view.
The howler monkey howls!
Sigmund the Dreaded comes into view.
He is wielding a +3 scythe of flaming.
There is a stone staircase leading up here.
The howler monkey hits you!
You climb upwards.
There is a stone staircase leading down here.
You barely miss the howler monkey. You grab the howler monkey.
You constrict the howler monkey.
The howler monkey hoots and howls with incredible vigour!
You hear a shout!
You hear an angry hiss. x2; You hear a shout! x4
You hit the howler monkey.
The howler monkey is moderately wounded.
You constrict the howler monkey. The howler monkey hits you!
* * * LOW HITPOINT WARNING * * *
Okay, then.
You feel yourself speed up.
You constrict the howler monkey. The howler monkey barely misses you.
You hit the howler monkey.
The howler monkey is severely wounded.
You constrict the howler monkey. The howler monkey hits you.
You die...

###.##.#.#..#.#
.......#......#.
#####....#.#......
.........#.#...###
##..............
#.........######
#.........#
#.##.#....##.#
..$....@h.# .#
.....##......#
..... #.#......
.... #.#...... ...
#.#....#. ...
#.#..#.# #.. ...#
### ...


You could see a howler monkey.

Vanquished Creatures
  2 orcs
2 creatures vanquished.

Notes
Turn   | Place    | Note
-------+----------+-------------------------------------------
     0 | D:5      | croobank the Octopode Delver began the quest for the Orb.
     0 | D:5      | Reached XP level 1. HP: 16/16 MP: 1/1
   123 | D:7      | Noticed an orc warrior
   161 | D:7      | Noticed a water moccasin
   262 | D:6      | Noticed a howler monkey
   267 | D:6      | Noticed Sigmund
   273 | D:5      | Slain by a howler monkey

Illustrated notes

Levels and vault maps discovered:
D:5:      layout_loops_cross, uniq_grinder
D:6:      layout_loops_corners, grunt_gozag_statues, lemuel_round_altar,
          uniq_crazy_yiuf_cottage, uniq_duvessa, uniq_maggie, uniq_sigmund
D:7:      layout_gridville, serial_bayou_pond_d

Action                     || total
---------------------------++-------
  Melee: Short sword       ||     9
         Constrict         ||     3
         Tentacles         ||     3
    Use: Scroll            ||     2
         Potion            ||     1
  Dodge: Dodged            ||     3
